 Dungeon Crawl Stone Soup version 0.29.1-2-gbd0b4ee654 (webtiles) character file.

Game seed: 1048006464597232478

13636 Zdar78 the Cleaver (level 11, -2/92 HPs)
             Began as a Minotaur Berserker on Nov 27, 2022.
             Was a Priest of Trog.
             Slain by a ten-headed hydra (4 damage)
             ... on level 11 of the Dungeon.
             The game lasted 01:11:23 (13034 turns).

Zdar78 the Cleaver (Minotaur Berserker)            Turns: 13034, Time: 01:11:24

Health: -2/92      AC: 12    Str: 32    XL:     11   Next: 78%
Magic:  0/10       EV: 13    Int:  4    God:    Trog [***...]
Gold:   327        SH:  5    Dex: 10    Spells: 10/10 levels left

rFire   . . .      SeeInvis .   T - +2 war axe (elec)
rCold   . . .      Faith    .   l - +0 buckler
rNeg    . . .      Spirit   +   U - +0 steam dragon scales
rPois   .          Reflect  .   (helmet restricted)
rElec   .          Harm     .   (no cloak)
rCorr   .          Rampage  .   J - +1 pair of gloves
Will    .....                   G - +2 pair of boots
Stlth   +.........              j - amulet of guardian spirit
HPRegen 0.25/turn               c - +6 ring of strength
MPRegen 0.12/turn               (no ring)

@: about to teleport
A: horns 2, retaliatory headbutt
a: Renounce Religion, Berserk, Trog's Hand


You were on level 11 of the Dungeon.
You worshipped Trog.
Trog was most pleased with you.
You visited 1 branch of the dungeon, and saw 11 of its levels.

You collected 652 gold pieces.
You spent 325 gold pieces at shops.

Inventory:

Hand Weapons
 e - a +0 sling
 h - a +4 vampiric spear
 n - the +9 mace of the Shouting Gods {vorpal, +Blink rElec Str+2}
   (You found it on level 2 of the Dungeon)

   It inflicts extra damage upon your enemies.
   Str:       It affects your strength (+2).
   rElec:     It insulates you from electricity.
   +Blink:    It lets you blink.
 F - a +5 vorpal dire flail
 M - a +3 falchion of freezing
 O - a +0 battleaxe
 P - a +1 scimitar of flaming
 T - a +2 war axe of electrocution (weapon)
 V - a +1 spear of venom
 X - a +1 great mace of holy wrath
 Y - a +0 demon whip of venom
Missiles
 i - 14 boomerangs
 k - 68 stones (quivered)
 C - 13 poisoned darts
Armour
 l - a +0 buckler (worn)
 G - a +2 pair of boots (worn)
 I - a +0 plate armour
 J - a +1 pair of gloves (worn)
 N - a +3 leather armour of fire resistance
 U - +0 steam dragon scales (worn)
Jewellery
 c - a +6 ring of strength (left hand)
 j - an amulet of guardian spirit (around neck)
 Q - an amulet of magic regeneration
 W - a ring of magical power
Wands
 a - a wand of flame (11)
Scrolls
 b - 3 scrolls of amnesia
 d - 2 scrolls of fear
 g - 7 scrolls of teleportation
 m - 3 scrolls of immolation
 o - a scroll of silence
 s - 4 scrolls of vulnerability
 u - a scroll of poison {unknown}
 w - 2 scrolls of magic mapping
 x - a scroll of enchant armour
 y - a scroll of enchant weapon {unknown}
 B - 3 scrolls of blinking
 E - a scroll of fog
 H - a scroll of brand weapon {unknown}
Potions
 f - 5 potions of berserk rage
 p - 2 potions of haste
 q - 2 potions of lignification
 r - 9 potions of curing
 t - 3 potions of resistance
 v - 2 potions of brilliance
 z - 3 potions of might
 A - 4 potions of heal wounds
 D - 2 potions of flight
 K - 2 potions of attraction
 L - 5 potions of ambrosia
 R - 3 potions of invisibility
 S - a potion of mutation {unknown}


   Skills:
 + Level 7.6 Fighting
 + Level 13.8(15.4) Axes
 - Level 11.3(14.2) Maces & Flails
 + Level 7.1 Armour
 + Level 6.3 Dodging
 + Level 5.8 Shields
 + Level 5.2 Evocations


You had 10 spell levels left.
You didn't know any spells.
Your spell library was empty.

Dungeon Overview and Level Annotations

Branches:
Dungeon (11/15)            Temple (0/1) D:5            Lair (0/5) D:11
    Orc: D:9-12

Altars:
Ashenzari
Elyvilon
Kikubaaqudgha
Nemelex Xobeh
Qazlal
Sif Muna
Vehumet
The Shining One

Shops:
D:6 !

Annotations:
D:11 Lodul


Innate Abilities, Weirdness & Mutations

You have a pair of horns on your head.
You reflexively headbutt those who attack you in melee.


Message History

The ten-headed hydra bites you. The ten-headed hydra misses you. x2
The ten-headed hydra bites you! The ten-headed hydra bites you. x2
The ogre barely misses you.
As you read the scroll of teleportation, it crumbles to dust.
You feel strangely unstable.
The ten-headed hydra bites you but does no damage.
The ten-headed hydra bites you. x2
The ten-headed hydra closely misses you.
The ten-headed hydra bites you.
The ten-headed hydra closely misses you.
The ten-headed hydra bites you!
* * * LOW HITPOINT WARNING * * *
The ten-headed hydra barely misses you.
The ten-headed hydra bites you but does no damage. x2
The ten-headed hydra attacks as you move away!
You block the ten-headed hydra's attack. x2
The ten-headed hydra barely misses you.
The ten-headed hydra completely misses you.
The ten-headed hydra bites you!
* * * LOW HITPOINT WARNING * * *
The ten-headed hydra misses you.
The ten-headed hydra completely misses you.
The ten-headed hydra bites you.
* * * LOW HITPOINT WARNING * * *
The ten-headed hydra barely misses you.
You block the ten-headed hydra's attack.
You feel much better.
The ten-headed hydra bites you but does no damage.
You block the ten-headed hydra's attack.
The ten-headed hydra bites you.
* * * LOW HITPOINT WARNING * * *
The ten-headed hydra bites you!
* * * LOW HITPOINT WARNING * * *
The ten-headed hydra bites you.
* * * LOW HITPOINT WARNING * * *
The ten-headed hydra bites you but does no damage.
The ten-headed hydra bites you!
* * * LOW HITPOINT WARNING * * *
The ten-headed hydra bites you.
You die...

#.....#..O......
#.....#......... #
#.....#......... #
.##.....##'###.### +
.................# #
.................# #
.......OO........# . #
#######D##.......# .. #
........@#.......# ?.. #
.........#......(#......+
.........#########......#
.........)..............#
....)........)..........#
'#.(.....................
########................
#.....#................
#.....#................


You could see a ten-headed hydra and Lodul.

Vanquished Creatures
  A two-headed ogre (D:10)
  3 death yaks (D:11)
  A tengu warrior (D:11)
  Amaemon (D:11)
  An orange demon (D:11)
  Joseph (D:7)
  Psyche (D:8)
  Maggie (D:8)
  2 unseen horrors
  2 hornets
  2 trolls
  Prince Ribbit (D:7)
  16 yaks
  7 vampire mosquitoes (D:10)
  A steam dragon (D:8)
  Edmund (D:5)
  2 water moccasins
  2 orc warriors (D:7)
  An ice beast (D:6)
  5 centaurs
  7 ogres
  4 bullfrogs
  Blork the orc (D:5)
  3 gnoll sergeants (D:9)
  A necrophage (D:6)
  4 scorpions
  8 wights
  4 killer bees (D:10)
  3 howler monkeys (D:8)
  4 orc priests
  4 hounds
  3 iguanas (D:5)
  22 orc wizards
  9 gnolls (D:9)
  12 adders
  3 shadow imps
  2 white imps
  5 worms
  6 dart slugs
  28 orcs
  4 endoplasms
  4 giant cockroaches
  13 goblins
  6 hobgoblins
  10 jackals
  10 kobolds
  3 quokkas
  3 ball pythons
  8 bats
  6 frilled lizards
  10 rats
262 creatures vanquished.

Vanquished Creatures (others)
  A plant (D:6)
1 creature vanquished.

Grand Total: 263 creatures vanquished

Notes
Turn   | Place    | Note
-------+----------+-------------------------------------------
     0 | D:1      | Zdar78 the Minotaur Berserker began the quest for the Orb.
     0 | D:1      | Reached XP level 1. HP: 19/19 MP: 0/0
   199 | D:1      | Reached XP level 2. HP: 27/27 MP: 1/1
   739 | D:1      | Found a faded altar of an unknown god.
   807 | D:2      | Reached skill level 4 in Axes
   933 | D:2      | Reached XP level 3. HP: 26/33 MP: 2/2
   938 | D:2      | Reached XP level 4. HP: 33/41 MP: 3/3
  1168 | D:2      | Reached skill level 5 in Axes
  1305 | D:2      | Identified the +9 mace of the Shouting Gods {vorpal, +Blink
                  | rElec Str+2}
  1479 | D:2      | Reached ** piety under Trog
  1644 | D:2      | Reached XP level 5. HP: 47/47 MP: 4/4
  2153 | D:3      | Reached skill level 1 in Maces & Flails
  2336 | D:3      | Reached skill level 6 in Axes
  2595 | D:3      | Found a faded altar of an unknown god.
  2630 | D:3      | Found a white marble altar of Elyvilon.
  3027 | D:4      | Reached XP level 6. HP: 53/53 MP: 5/5
  3163 | D:4      | Reached skill level 1 in Evocations
  3478 | D:5      | Entered Level 5 of the Dungeon
  3532 | D:5      | Reached *** piety under Trog
  3696 | D:5      | Reached XP level 7. HP: 60/60 MP: 6/6
  3737 | D:5      | Reached skill level 7 in Axes
  3773 | D:5      | Noticed Edmund
  3783 | D:5      | Killed Edmund
  3784 | D:5      | Reached skill level 5 in Maces & Flails
  3979 | D:5      | Noticed Blork the orc
  3992 | D:5      | Killed Blork the orc
  4095 | D:5      | Found a staircase to the Ecumenical Temple.
  4100 | D:5      | Reached skill level 8 in Axes
  4484 | D:5      | Reached XP level 8. HP: 55/67 MP: 7/7
  5079 | D:6      | Reached skill level 9 in Axes
  5316 | D:6      | Found a stormy altar of Qazlal.
  5592 | D:6      | Found Zaecol's Distillery.
  5602 | D:6      | Bought a potion of curing for 39 gold pieces
  5602 | D:6      | Bought a potion of curing for 39 gold pieces
  5602 | D:6      | Bought a potion of heal wounds for 65 gold pieces
  5602 | D:6      | Bought a potion of resistance for 130 gold pieces
  5602 | D:6      | Bought a potion of might for 52 gold pieces
  6087 | D:7      | Noticed Joseph
  6099 | D:7      | Killed Joseph
  6100 | D:7      | Reached skill level 10 in Axes
  6107 | D:7      | Reached XP level 9. HP: 55/72 MP: 8/8
  6586 | D:7      | Paralysed by a hornet for 1 turns
  6589 | D:7      | Reached skill level 11 in Axes
  6889 | D:7      | Noticed Prince Ribbit
  6893 | D:7      | Killed Prince Ribbit
  7147 | D:7      | Reached skill level 10 in Maces & Flails
  7552 | D:7      | Found a radiant altar of Vehumet.
  7586 | D:7      | Found a shimmering blue altar of Sif Muna.
  7726 | D:8      | Noticed Maggie
  7733 | D:8      | Killed Maggie
  7748 | D:7      | Killed an unseen horror
  7749 | D:7      | Reached skill level 12 in Axes
  8153 | D:8      | Noticed Psyche
  8186 | D:8      | Killed Psyche
  8187 | D:8      | Reached XP level 10. HP: 69/80 MP: 5/9
  8688 | D:8      | Found an ancient bone altar of Kikubaaqudgha.
  8689 | D:8      | Found a sparkling altar of Nemelex Xobeh.
  8815 | D:8      | Reached skill level 1 in Shields
  9319 | D:9      | Reached skill level 5 in Fighting
 10481 | D:9      | Found a broken altar of Ashenzari.
 10513 | D:9      | Reached **** piety under Trog
 10514 | D:9      | Reached skill level 13 in Axes
 10514 | D:9      | Reached skill level 5 in Armour
 10722 | D:10     | Entered Level 10 of the Dungeon
 10792 | D:10     | Reached XP level 11. HP: 89/89 MP: 10/10
 10957 | D:10     | Found a glowing golden altar of the Shining One.
 10987 | D:10     | Reached skill level 5 in Dodging
 11077 | D:10     | Noticed a two-headed ogre
 11081 | D:10     | Killed a two-headed ogre
 12127 | D:11     | Noticed a tengu warrior
 12141 | D:11     | Killed a tengu warrior
 12141 | D:11     | Noticed a death yak
 12191 | D:11     | Noticed a death yak
 12198 | D:11     | Killed a death yak
 12199 | D:11     | Reached skill level 5 in Shields
 12199 | D:11     | Killed a death yak
 12200 | D:11     | Noticed a death yak
 12265 | D:11     | Killed a death yak
 12311 | D:11     | Noticed Amaemon
 12328 | D:11     | Found a staircase to the Lair.
 12356 | D:11     | Killed Amaemon
 12357 | D:11     | Reached skill level 5 in Evocations
 12785 | D:11     | Found a shimmering blue altar of Sif Muna.
 13013 | D:11     | Noticed Lodul
 13014 | D:11     | Noticed an eight-headed hydra
 13026 | D:11     | Paralysed by a hornet for 1 turns
 13034 | D:11     | HP: 2/92 [ten-headed hydra (6)]
 13034 | D:11     | Slain by a ten-headed hydra

Illustrated notes

Levels and vault maps discovered:
D:1:      zaba_arrival_water, layout_basic, basic_ecumenical_altar
D:2:      layout_loops_corners, minmay_goblin_kobold_house
D:3:      layout_basic, nicolae_overflow_ecumenical_swirl
D:4:      layout_rooms
D:5:      layout_basic, minmay_temple_entry_tees, minmay_misc_feat_four_crosses,
          uniq_blork_the_orc, uniq_edmund
D:6:      corexii_shack_village, layout_basic, lemuel_round_altar, serial_shops,
          nicolae_lakefront_shop
D:7:      layout_gridville, general_overflow_altar,
          mainiacjoe_overflow_six_doors_small, uniq_prince_ribbit1, uniq_joseph
D:8:      minmay_flawed_box, layout_rooms, gammafunk_temple_overflow_statue,
          uniq_psyche, uniq_maggie
D:9:      layout_cave_pools, evilmike_ruin_ashenzari, enter_bailey_5,
          minmay_misc_feat_columns
D:10:     layout_roguey, mainiacjoe_overflow_brackets
D:11:     layout_gridville, dpeg_lair_monsters, serial_bayou_pond_c,
          minivault_23, led_sif_book, uniq_lodul, uniq_amaemon

Skill      XL: |  1  2  3  4  5  6  7  8  9 10 11 |
---------------+----------------------------------+-----
Fighting       | 4 6 7 |  7.6
Axes           | 4 5 6 8 10 12 13 | 13.8
Armour         | 3 5 7 |  7.1
Dodging        | 3 4 6 |  6.3
Maces & Flails | 3 4 6 8 11 | 11.3
Evocations     | 1 2 3 5 |  5.2
Shields        | 3 5 |  5.8

Action                   |  1- 3 |  4- 6 |  7- 9 | 10-12 || total
-------------------------+-------+-------+-------+-------++-------
Melee: Hand axe          |    45 |    18 |       |       ||    63
       Headbutt          |     7 |    11 |    24 |    47 ||    89
       Mace              |       |    99 |   180 |    19 ||   298
       War axe           |       |       |       |   210 ||   210
       Great mace        |       |       |       |    15 ||    15
Throw: Stone             |       |     2 |       |       ||     2
Invok: Berserk           |       |     1 |     7 |     7 ||    15
       Trog's Hand       |       |       |    11 |    10 ||    21
  Use: Scroll            |       |    10 |     6 |     7 ||    23
       Potion            |       |       |       |     1 ||     1
Armor: Animal skin       |    14 |       |       |       ||    14
       Ring mail         |       |    32 |    49 |     9 ||    90
       Steam dragon scal |       |       |       |    89 ||    89
Dodge: Dodged            |    36 |    55 |    90 |   156 ||   337
Block: Buckler           |       |    12 |    21 |    49 ||    82
